 Dungeon Crawl Stone Soup version 0.29.1-14-g9c671dbff4 (webtiles) character file.

Game seed: 18271361760834652832

5412 croobank the Covert (level 10, -6/66 HPs)
             Began as an Octopode Fire Elementalist on Feb 16, 2023.
             Was an Initiate of Gozag.
             Mangled by a komodo dragon (22 damage)
             ... on level 10 of the Dungeon.
             The game lasted 00:34:20 (13259 turns).

croobank the Covert (Octopode Fire Elementalist)   Turns: 13259, Time: 00:34:20

Health: -6/66      AC:  1    Str:  8    XL:     10   Next: 67%
Magic:  10/18      EV: 15    Int: 22    God:    Gozag
Gold:   120        SH:  5    Dex: 12    Spells: 14/20 levels left

rFire   + . .      SeeInvis .   G - staff of fire
rCold   + . .      Faith    .   (no shield)
rNeg    . . .      Spirit   .   (helmet restricted)
rPois   .          Reflect  +   o - amulet of reflection
rElec   .          Harm     .   f - ring of flight
rCorr   .          Rampage  .   L - ring of protection from cold
Will    .....                   (no ring)
Stlth   +++++.....              (no ring)
HPRegen 0.21/turn               (no ring)
MPRegen 0.16/turn               (no ring)
                                (no ring)
                                (no ring)

@: mighty, flying
A: almost no armour, amphibious, 8 rings, camouflage 1, gelatinous body 1,
(nimble swimmer 1), tentacles
a: Renounce Religion, Potion Petition, Call Merchant, Bribe Branch


You were on level 10 of the Dungeon.
You worshipped Gozag.
Gozag was aware of your devotion.
You visited 2 branches of the dungeon, and saw 12 of its levels.

You collected 1299 gold pieces.
You spent 544 gold pieces at shops.
You paid 635 gold pieces to Gozag.

Inventory:

Hand Weapons
 c - a +3 dire flail
 d - a +2 dagger of speed
 i - a +0 war axe
 l - a +5 dagger
 n - a +4 flail
 z - a +4 halberd
 P - a +3 trident
Missiles
 k - 24 poisoned darts (quivered)
 p - 3 datura-tipped darts
 u - 6 javelins
Armour
 b - a +0 buckler
Magical Staves
 G - a staff of fire (weapon)
Jewellery
 f - a ring of flight (left tentacle)
 o - an amulet of reflection (around mantle)
 L - a ring of protection from cold (right tentacle)
Wands
 x - a wand of polymorph (15)
 A - a wand of light (5)
 B - a wand of flame (21)
 I - a wand of charming (3)
 O - a wand of iceblast (8)
Scrolls
 g - 4 scrolls of identify
 h - 2 scrolls of immolation
 j - a scroll of magic mapping
 m - a scroll of teleportation
 w - a scroll of enchant armour {unknown}
 y - 3 scrolls of vulnerability
 C - a scroll of acquirement {unknown}
 E - a scroll of amnesia {unknown}
 F - a scroll of silence {unknown}
 K - a scroll of torment {unknown}
 M - a scroll of fear {unknown}
 N - a scroll of enchant weapon
Potions
 q - a potion of mutation
 r - a potion of might
 s - a potion of haste {unknown}
 t - a potion of degeneration {unknown}
 v - 2 potions of flight {unknown}
 D - 4 potions of attraction {unknown}
 H - a potion of cancellation {unknown}
 J - 2 potions of brilliance {unknown}


   Skills:
 + Level 5.4 Fighting
 + Level 6.0 Dodging
 + Level 8.5 Stealth
 + Level 5.1 Shields
 + Level 5.5 Spellcasting
 + Level 5.8 Conjurations
 + Level 6.4 Fire Magic
 - Level 3.0 Air Magic
 - Level 3.0 Poison Magic


You had 14 spell levels left.
You knew the following spells:

 Your Spells              Type           Power      Damage    Failure   Level
a - Foxfire               Conj/Fire      100%       2x1d9     1%          1
b - Scorch                Fire           100%       2d10      1%          2
c - Mephitic Cloud        Conj/Pois/Air  23%        N/A       6%          3

Your spell library contained the following spells:

 Spells                   Type           Power      Damage    Failure   Level
 Conjure Flame            Conj/Fire      49%        6-21      2%          3
 Ignite Poison            Fire/Tmut/Pois 29%        N/A       8%          3
 Inner Flame              Hex/Fire       30%        N/A       8%          3
 Flame Wave               Conj/Fire      49%        2d12      8%          4
 Blink                    Tloc           12%        N/A       14%         2
 Lesser Beckoning         Tloc           6%         N/A       28%         3
 Freezing Cloud           Conj/Ice/Air   9%         6-21      63%         5
 Manifold Assault         Tloc           6%         N/A       95%         5
 Summon Forest            Summ/Tloc      3%         N/A       95%         5
 Summon Mana Viper        Hex/Summ       6%         N/A       95%         5
 Summon Cactus Giant      Summ           3%         N/A       100%        6
 Storm Form               Tmut/Air       6%         N/A       100%        7
 Borgnjor's Revivificati  Necr           3%         N/A       100%        8
 Necromutation            Tmut/Necr      3%         N/A       100%        8
 Death's Door             Necr           3%         N/A       100%        9


Dungeon Overview and Level Annotations

Branches:
Dungeon (11/15)            Temple (1/1) D:4
   Lair: D:8-11         Orc: D:9-12

Altars:
Ashenzari
Cheibriados
Dithmenos
Elyvilon
Gozag
Hepliaklqana
Kikubaaqudgha
Makhleb
Okawaru
Qazlal
Ru
Sif Muna
Trog
Uskayaw
Vehumet
Wu Jian
Xom
Yredelemnul
Zin
The Shining One

Shops:
D:2 ?:[(   D:7 :*   D:10 :

Annotations:
D:3 1 runed translucent door, Crazy Yiuf
D:10 Psyche


Innate Abilities, Weirdness & Mutations

You cannot wear most types of armour.
You are amphibious.
You can wear up to eight rings at the same time.
Your skin changes colour to match your surroundings (Stealth+).
Your rubbery body absorbs attacks. (AC +1, EV +1)
((You are camouflaged when in or above water. (Stealth+)))
You have tentacles for arms and can constrict up to eight enemies at once.


Message History

Found 7 stones.
Found Jucwotaf's Book Shoppe.
The komodo dragon hisses angrily.
Okay, then.
As you read the scroll of identify, it crumbles to dust.
r - 2 potions of might You feel very mighty all of a sudden.
Casting: Scorch (safe; 1% risk of failure)
Confirm with . or Enter, or press ? or * to list all spells.
You feel a surge of power!
Flames lash the komodo dragon.
The komodo dragon is moderately wounded.
The komodo dragon's fire resistance burns away.
You hear a shout!
The komodo dragon closely misses you.
Casting: Scorch (safe; 1% risk of failure)
Confirm with . or Enter, or press ? or * to list all spells.
You feel a surge of power!
Flames lash the komodo dragon.
The komodo dragon is burned terribly!
The komodo dragon is moderately wounded.
The komodo dragon misses you.
You barely miss the komodo dragon. Your squeeze misses the komodo dragon.
The komodo dragon is moderately wounded.
The komodo dragon bites you!!
* * * LOW HITPOINT WARNING * * *
Casting: Scorch (safe; 1% risk of failure)
Confirm with . or Enter, or press ? or * to list all spells.
You feel a surge of power!
Flames lash the komodo dragon.
The komodo dragon is burned terribly!
The komodo dragon is heavily wounded.
You hear a shout! x2
You block the komodo dragon's attack.
You hear a howl!
Casting: Scorch (safe; 1% risk of failure)
Confirm with . or Enter, or press ? or * to list all spells.
You feel a surge of power!
Flames lash the komodo dragon.
The komodo dragon is burned terribly!
The komodo dragon is severely wounded.
The orc shouts!
The komodo dragon bites you!!
You die...
Your body crumbles into a pile of gold.

####### ####.....##
#.........##
#...##.##..# #.
#....#.#...# ♣## #.
#..#.....#.#####♣(∩.♣
#. #..##...##...l@...♣
..
#l...._................
..
#..##...##.............
..
#..#.....#........o....
..
#....#.#...............
...... #...#
##............o. ......
#.... ..............o.
...... #.....
..............o. ...O..
#...... ......


You could see a komodo dragon (combustible), an orc warrior, an orc priest and 2
orcs.

Vanquished Creatures
  A two-headed ogre (D:10)
  A troll (D:9)
  A slime creature (D:9)
  A shadow (D:8)
  Eustachio (D:4)
  2 steam dragons
  4 water moccasins
  An ice beast (D:8)
  A black bear (D:4)
  An orc warrior (D:8)
  A sky beast (D:7)
  An ogre (D:6)
  7 centaurs
  A phantom (D:5)
  2 kobold brigands
  4 bullfrogs
  A gnoll sergeant (D:6)
  6 scorpions
  14 wights
  2 howler monkeys
  An electric eel (D:6)
  2 jellies
  6 hounds
  A gnoll bouda (D:7)
  4 iguanas
  Natasha (thrice) (D:2)
  3 orc wizards
  11 gnolls
  10 adders
  A white imp (D:8)
  5 worms
  3 dart slugs
  11 orcs
  7 ball pythons
  4 endoplasms
  3 giant cockroaches
  8 hobgoblins
  8 jackals (D:2)
  2 quokkas (D:4)
  5 bats
  3 frilled lizards (D:1)
  7 goblins
  10 kobolds
  4 rats
175 creatures vanquished.

Vanquished Creatures (others)
  351 foxfires
  A plant (D:8)
352 creatures vanquished.

Grand Total: 527 creatures vanquished

Notes
Turn   | Place    | Note
-------+----------+-------------------------------------------
     0 | D:1      | croobank the Octopode Fire Elementalist began the quest for
                  | the Orb.
     0 | D:1      | Reached XP level 1. HP: 11/11 MP: 3/3
   486 | D:1      | Reached XP level 2. HP: 16/17 MP: 3/5
   510 | D:1      | Learned a level 2 spell: Scorch
   620 | D:1      | Found a faded altar of an unknown god.
   730 | D:1      | Reached skill level 3 in Stealth
  1077 | D:2      | Found Xyimmips's Weapon Shop.
  1209 | D:2      | Found a hide-covered altar of Uskayaw.
  1393 | D:2      | Reached XP level 3. HP: 22/22 MP: 2/6
  2032 | D:2      | Found Xukanac's Book Shoppe.
  2338 | D:2      | Found Boyppaqil's Magic Scroll Emporium.
  2339 | D:2      | Found Umues Jetoo's Armour Shoppe.
  2339 | D:2      | Noticed Natasha
  2345 | D:2      | Killed Natasha
  2346 | D:2      | Reached skill level 1 in Fighting
  2346 | D:2      | Reached XP level 4. HP: 28/28 MP: 2/7
  2761 | D:2      | Noticed Natasha
  2763 | D:2      | Killed Natasha
  3049 | D:2      | Noticed Natasha
  3057 | D:2      | Killed Natasha
  3058 | D:2      | Reached XP level 5. HP: 12/33 MP: 3/8
  3265 | D:2      | Bought a +0 buckler for 63 gold pieces
  3665 | D:3      | Reached skill level 4 in Stealth
  3919 | D:3      | Learned a level 3 spell: Mephitic Cloud
  4370 | D:3      | Found a runed translucent door.
  4371 | D:3      | Noticed Crazy Yiuf
  4405 | D:4      | Reached XP level 6. HP: 39/39 MP: 1/10
  4656 | D:4      | Reached skill level 1 in Shields
  4772 | D:4      | Reached skill level 1 in Poison Magic
  4773 | D:4      | Reached skill level 1 in Air Magic
  4773 | D:4      | Reached XP level 7. HP: 45/45 MP: 0/11
  5246 | D:4      | Found a staircase to the Ecumenical Temple.
  5349 | Temple   | Entered the Ecumenical Temple
  5362 | Temple   | Became a worshipper of Gozag Ym Sagoz the Greedy
  5599 | D:4      | Noticed Eustachio
  5638 | D:4      | Killed Eustachio
  5865 | D:4      | Reached skill level 5 in Stealth
  5865 | D:4      | Reached XP level 8. HP: 51/51 MP: 6/13
  6303 | D:5      | Entered Level 5 of the Dungeon
  7650 | D:7      | Found Jyac's Book Shop.
  7660 | D:7      | Reached skill level 6 in Stealth
  7660 | D:7      | Reached XP level 9. HP: 55/57 MP: 4/15
  7908 | D:6      | Reached skill level 5 in Fire Magic
  8897 | D:7      | Bought a book of the Wilderness for 456 gold pieces
  9136 | D:7      | Found a white marble altar of Elyvilon.
  9194 | D:7      | Found Veyfa's Gadget Gallery.
  9225 | D:7      | Bought a wand of flame (3) for 25 gold pieces
  9475 | D:8      | Reached skill level 5 in Dodging
  9935 | D:8      | Found a hide-covered altar of Uskayaw.
  9946 | D:8      | Reached skill level 7 in Stealth
  9957 | D:8      | HP: 2/59 [poisoned by a water moccasin]
 10276 | D:8      | Reached skill level 5 in Conjurations
 10595 | D:8      | Found a faded altar of an unknown god.
 10595 | D:8      | Found a faded altar of an unknown god.
 10613 | D:8      | Reached XP level 10. HP: 56/65 MP: 15/17
 10618 | D:8      | Reached skill level 5 in Spellcasting
 10754 | D:8      | Found a hazy altar of Hepliaklqana.
 11645 | D:9      | Found an ancient bone altar of Kikubaaqudgha.
 11646 | D:9      | Found a glowing golden altar of the Shining One.
 11942 | D:9      | Reached skill level 5 in Fighting
 11942 | D:9      | Reached skill level 8 in Stealth
 12772 | D:10     | Entered Level 10 of the Dungeon
 12787 | D:10     | Noticed a two-headed ogre
 12804 | D:10     | Killed a two-headed ogre
 12805 | D:10     | Reached skill level 5 in Shields
 12873 | D:10     | Noticed a two-headed ogre
 12875 | D:11     | Noticed a boulder beetle
 13137 | D:10     | Noticed Psyche
 13152 | D:10     | Noticed a two-headed ogre
 13157 | D:10     | HP: 3/66 [something/puff of flame (12)]
 13158 | D:10     | Found a bloodstained altar of Trog.
 13247 | D:10     | Found Jucwotaf's Book Shoppe.
 13259 | D:10     | Mangled by a komodo dragon

Illustrated notes

Levels and vault maps discovered:
D:1:      ncdulo_lavacross, layout_loops_ring,
          shapermc_ecumenical_altar_notcrosses,
          amcnicky_mini_rare_corridor_liquid
D:2:      cheibrodos_helix_gallery, layout_loops_corners, basic_altar,
          serial_shops, shop, shop, shop, nicolae_shop_waterfront, st_stairs_5,
          kennysheep_nondescript, uniq_natasha
D:3:      layout_loops_cross, uniq_crazy_yiuf_cottage
D:4:      minmay_razor_zed, layout_rooms, minmay_temple_entry_tees,
          uniq_eustachio
D:5:      layout_rooms
D:6:      layout_rooms, nrook_pool_corridor
D:7:      layout_cave_pools, nicolae_elyvilon_peaceful_grove, serial_shops,
          shop, nicolae_shop_gadgets
D:8:      layout_loops_ring, nicolae_hepliaklqana_ecumenical_no_more,
          old_standard_altar
D:9:      layout_long_grid, jmf_multi_god_temple, erik_lair_island
D:10:     layout_cross, mainiacjoe_overflow_small_starburst,
          gammafunk_temple_overflow_pools, serial_shops, nicolae_shop_trees,
          uniq_psyche
D:11:     layout_basic, grunt_decor_arrowhead, uniq_nergalle, uniq_snorg
Temple:   eino_temple_lava

Skill      XL: |  1  2  3  4  5  6  7  8  9 10 |
---------------+-------------------------------+-----
Stealth        | 3 4 5 6 7 8 |  8.5
Fighting       | 1 2 3 4 5 |  5.4
Conjurations   | 2 3 4 5 |  5.8
Dodging        | 3 4 5 6 |  6.0
Shields        | 1 2 3 4 5 |  5.1
Spellcasting   | 3 4 5 |  5.5
Poison Magic   | 1 2 3 |  3.0
Air Magic      | 1 2 3 |  3.0
Fire Magic     | 4 5 6 |  6.4

Action                   |  1- 3 |  4- 6 |  7- 9 | 10-12 || total
-------------------------+-------+-------+-------+-------++-------
Melee: Dagger            |    19 |    51 |    31 |       ||   101
       Tentacles         |     5 |    11 |     9 |     3 ||    28
       Constrict         |     6 |    11 |     7 |     2 ||    26
       Unarmed           |       |       |     6 |     3 ||     9
       Punch             |       |       |     2 |       ||     2
       Staff             |       |       |     7 |    19 ||    26
Throw: Dart              |       |       |     1 |       ||     1
 Cast: Foxfire           |    26 |    20 |    99 |    66 ||   211
       Scorch            |    16 |    27 |   103 |    50 ||   196
Invok: Potion Petition   |       |       |       |     2 ||     2
Evoke: Wand              |       |       |       |     1 ||     1
  Use: Scroll            |       |    12 |     6 |     5 ||    23
       Potion            |       |       |     5 |     6 ||    11
 Stab: Sleeping          |     1 |     3 |     1 |     1 ||     6
       Distracted        |       |     1 |       |       ||     1
Armor: Skin              |     1 |     3 |     9 |     2 ||    15
Dodge: Dodged            |     9 |    29 |    96 |    50 ||   184
Block: Other             |       |       |    10 |    10 ||    20
       Reflection        |       |       |     1 |     1 ||     2
